| TOP OF THE 1ST |
|
Toronto Blue Jays batting - Pitching for Boston Red Sox : RHP Dick Ruthven
|
|
Pitching: RHP Dick Ruthven
|
|
|
Batting: SHB Harold Reynolds
|
0-0: Fly out, F3 (Line Drive, 3, EV 66.9 MPH)
|
|
Batting: RHB Jose Gonzalez
|
0-0: Called Strike 0-1: Ball 1-1: Called Strike 1-2: Ground out 6-3 (Groundball, 6, EV 81.3 MPH)
|
|
Batting: RHB Andres Galarraga
|
0-0: Called Strike 0-1: Called Strike 0-2: Foul Ball, location: 2F 0-2: Strikes out swinging
|
| Top of the 1st over - 0 runs, 0 hits, 0 errors, 0 left on base; Toronto 0 - Boston 0 |
| BOTTOM OF THE 1ST |
|
Boston Red Sox batting - Pitching for Toronto Blue Jays : RHP Storm Davis
|
|
Pitching: RHP Storm Davis
|
|
|
Batting: SHB Dave Collins
|
0-0: Ball 1-0: Foul Ball, location: 2F 1-1: Called Strike 1-2: Strikes out swinging
|
|
Batting: LHB Willie Aikens
|
0-0: Called Strike 0-1: Called Strike 0-2: Ball 1-2: Foul Ball, location: 2F 1-2: Ground out 3-1 (Groundball, 34S, EV 83.8 MPH)
|
|
Batting: LHB George Brett
|
0-0: Called Strike 0-1: Swinging Strike 0-2: Ball 1-2: Ball 2-2: Fly out, F3 (Flyball, 3D, EV 88.1 MPH)
|
| Bottom of the 1st over - 0 runs, 0 hits, 0 errors, 0 left on base; Toronto 0 - Boston 0 |
| TOP OF THE 2ND |
|
Toronto Blue Jays batting - Pitching for Boston Red Sox : RHP Dick Ruthven
|
|
Batting: RHB Hubie Brooks
|
0-0: Ground out 6-3 (Groundball, 6, EV 104.4 MPH)
|
|
Batting: LHB Milt Thompson
|
0-0: Ground out 6-3 (Groundball, 6M, EV 80.0 MPH)
|
|
Batting: RHB Cal Ripken
|
0-0: Called Strike 0-1: Swinging Strike 0-2: Ball 1-2: Foul Ball, location: 2F 1-2: Ball 2-2: DOUBLE (Line Drive, 9LM, EV 106.9 MPH)
|
|
Batting: RHB Fritzie Connally
|
0-0: Ground out 5-3 (Groundball, 5, EV 86.3 MPH)
|
| Top of the 2nd over - 0 runs, 1 hit, 0 errors, 1 left on base; Toronto 0 - Boston 0 |
| BOTTOM OF THE 2ND |
|
Boston Red Sox batting - Pitching for Toronto Blue Jays : RHP Storm Davis
|
|
Batting: LHB Claudell Washington
|
0-0: Ball 1-0: Ground out 6-3 (Groundball, 6, EV 91.3 MPH)
|
|
Batting: SHB Scotti Madison
|
0-0: Ball 1-0: Called Strike 1-1: Swinging Strike 1-2: Foul Ball, location: 2F 1-2: Foul Ball, location: 2F 1-2: Ball 2-2: Foul Ball, location: 2F 2-2: Strikes out swinging
|
|
Batting: LHB Daryl Sconiers
|
0-0: Foul Ball, location: 2F 0-1: Called Strike 0-2: Strikes out swinging
|
| Bottom of the 2nd over - 0 runs, 0 hits, 0 errors, 0 left on base; Toronto 0 - Boston 0 |
| TOP OF THE 3RD |
|
Toronto Blue Jays batting - Pitching for Boston Red Sox : RHP Dick Ruthven
|
|
Batting: RHB Juan Monasterio
|
0-0: Called Strike 0-1: Called Strike 0-2: Fly out, F8 (Flyball, 8LM, EV 89.4 MPH)
|
|
Batting: LHB Manny Leal
|
0-0: Foul Ball, location: 2F 0-1: Swinging Strike 0-2: Ground out U3 (Groundball, 3L, EV 103.1 MPH)
|
|
Batting: SHB Harold Reynolds
|
0-0: Called Strike 0-1: Ball 1-1: SINGLE (Groundball, 4MD, EV 101.9 MPH)
|
|
Batting: RHB Jose Gonzalez
|
0-0: Called Strike Harold Reynolds steals 2nd base 0-1: Swinging Strike 0-2: Ball 1-2: Ball Wild Pitch! Harold Reynolds to third 2-2: Ground out 6-3 (Groundball, 56D, EV 89.4 MPH)
|
| Top of the 3rd over - 0 runs, 1 hit, 0 errors, 1 left on base; Toronto 0 - Boston 0 |
| BOTTOM OF THE 3RD |
|
Boston Red Sox batting - Pitching for Toronto Blue Jays : RHP Storm Davis
|
|
Batting: RHB Kevin Klettke
|
0-0: Ball 1-0: Foul Ball, location: 2F 1-1: Ball 2-1: Ball 3-1: Base on Balls
|
|
Batting: RHB Josh Grimes
|
0-0: Ball 1-0: Swinging Strike 1-1: Swinging Strike 1-2: Ground out 6-3 (Groundball, 4MS, EV 66.9 MPH) Kevin Klettke to second
|
|
Batting: SHB Nelson Norman
|
0-0: Ball 1-0: Ball 2-0: Foul Ball, location: 2F 2-1: Fly out, F7 (Flyball, 7, EV 93.1 MPH)
|
|
Batting: SHB Dave Collins
|
0-0: Swinging Strike 0-1: Foul Ball, location: 2F 0-2: Strikes out swinging
|
| Bottom of the 3rd over - 0 runs, 0 hits, 0 errors, 1 left on base; Toronto 0 - Boston 0 |
| TOP OF THE 4TH |
|
Toronto Blue Jays batting - Pitching for Boston Red Sox : RHP Dick Ruthven
|
|
Batting: RHB Andres Galarraga
|
0-0: Ground out U3 (Groundball, 34, EV 96.9 MPH)
|
|
Batting: RHB Hubie Brooks
|
0-0: Called Strike 0-1: Ball 1-1: Ground out 4-3 (Groundball, 4MD, EV 80.0 MPH)
|
|
Batting: LHB Milt Thompson
|
0-0: Ball 1-0: Ball 2-0: Called Strike 2-1: Fly out, F8 (Flyball, 8LD, EV 76.9 MPH)
|
| Top of the 4th over - 0 runs, 0 hits, 0 errors, 0 left on base; Toronto 0 - Boston 0 |
| BOTTOM OF THE 4TH |
|
Boston Red Sox batting - Pitching for Toronto Blue Jays : RHP Storm Davis
|
|
Batting: LHB Willie Aikens
|
0-0: Ball 1-0: Swinging Strike 1-1: Hit by Pitch
|
|
Batting: LHB George Brett
|
0-0: Ball 1-0: Foul Ball, location: 2F 1-1: Foul Ball, location: 2F 1-2: Ball 2-2: Ball 3-2: Ground out 5-3 (Groundball, 5, EV 88.1 MPH) Willie Aikens to second
|
|
Batting: LHB Claudell Washington
|
0-0: Swinging Strike 0-1: Foul Ball, location: 2F 0-2: Fly out, F8 (Line Drive, 8RD, EV 103.1 MPH)
|
|
Batting: SHB Scotti Madison
|
0-0: Ball 1-0: Called Strike 1-1: Ball 2-1: Ball 3-1: Foul Ball, location: 2F 3-2: Ground out 4-3 (Groundball, 4S, EV 85.6 MPH)
|
| Bottom of the 4th over - 0 runs, 0 hits, 0 errors, 1 left on base; Toronto 0 - Boston 0 |
| TOP OF THE 5TH |
|
Toronto Blue Jays batting - Pitching for Boston Red Sox : RHP Dick Ruthven
|
|
Batting: RHB Cal Ripken
|
0-0: Called Strike 0-1: Foul Ball, location: 2F 0-2: Ball 1-2: Foul Ball, location: 2F 1-2: Ball 2-2: Ground out 6-3 (Groundball, 6MS, EV 86.9 MPH)
|
|
Batting: RHB Fritzie Connally
|
0-0: SINGLE (Groundball, 3D, EV 109.4 MPH)
|
|
Batting: RHB Juan Monasterio
|
0-0: Ball 1-0: SINGLE (Groundball, 4MD, EV 101.9 MPH) Fritzie Connally to second Runner from 2nd tries for 3rd, SAFE, no throw by CF
|
|
Batting: LHB Manny Leal
|
0-0: Fly out, F7 (Flyball, 7LS, EV 88.8 MPH)
|
|
Batting: SHB Harold Reynolds
|
0-0: Ball 1-0: SINGLE (Line Drive, 7LM, EV 99.4 MPH) Fritzie Connally scores Juan Monasterio to second
|
|
Batting: RHB Jose Gonzalez
|
0-0: SINGLE (Flyball, 34D, EV 97.5 MPH) Juan Monasterio to third Harold Reynolds to second Runner from 3rd tries for Home, SAFE, throw by RF to home
|
|
Batting: RHB Andres Galarraga
|
0-0: Foul Ball, location: 2F 0-1: Ball 1-1: Fly out, F7 (Line Drive, 7, EV 101.3 MPH)
|
| Top of the 5th over - 2 runs, 4 hits, 0 errors, 2 left on base; Toronto 2 - Boston 0 |
| BOTTOM OF THE 5TH |
|
Boston Red Sox batting - Pitching for Toronto Blue Jays : RHP Storm Davis
|
|
Batting: LHB Daryl Sconiers
|
0-0: Called Strike 0-1: Ball 1-1: Swinging Strike 1-2: Strikes out swinging
|
|
Batting: RHB Kevin Klettke
|
0-0: Ball 1-0: Called Strike 1-1: Ball 2-1: Called Strike 2-2: Foul Ball, location: 2F 2-2: Strikes out swinging
|
|
Batting: RHB Josh Grimes
|
0-0: Ball 1-0: Called Strike 1-1: Foul Ball, location: 2F 1-2: Ground out 6-3 (Groundball, 56, EV 81.9 MPH)
|
| Bottom of the 5th over - 0 runs, 0 hits, 0 errors, 0 left on base; Toronto 2 - Boston 0 |
| TOP OF THE 6TH |
|
Toronto Blue Jays batting - Pitching for Boston Red Sox : RHP Dick Ruthven
|
|
Batting: RHB Hubie Brooks
|
0-0: Ground out 1-3 (Groundball, 13, EV 72.5 MPH)
|
|
Batting: LHB Milt Thompson
|
0-0: Called Strike 0-1: Ball 1-1: Swinging Strike 1-2: Ball 2-2: Ball 3-2: Foul Ball, location: 2F 3-2: Base on Balls
|
|
Batting: RHB Cal Ripken
|
0-0: Ball 1-0: Ball Milt Thompson steals 2nd base 2-0: Swinging Strike 2-1: Swinging Strike 2-2: Ball 3-2: Strikes out swinging
|
|
Batting: RHB Fritzie Connally
|
0-0: Foul Ball, location: 2F 0-1: Called Strike 0-2: Ball 1-2: Fly out, F8 (Flyball, 8RD, EV 90.0 MPH)
|
| Top of the 6th over - 0 runs, 0 hits, 0 errors, 1 left on base; Toronto 2 - Boston 0 |
| BOTTOM OF THE 6TH |
|
Boston Red Sox batting - Pitching for Toronto Blue Jays : RHP Storm Davis
|
|
Batting: SHB Nelson Norman
|
0-0: Ball 1-0: Called Strike 1-1: Ball 2-1: Ball 3-1: Foul Ball, location: 2F 3-2: Ground out U3 (Groundball, 34, EV 81.3 MPH)
|
|
Batting: SHB Dave Collins
|
0-0: Called Strike 0-1: SINGLE (Line Drive, 4M, EV 106.9 MPH)
|
|
Batting: LHB Willie Aikens
|
0-0: Foul Ball, location: 2F 0-1: Ball 1-1: SINGLE (Groundball, 56D, EV 98.8 MPH) Dave Collins to second Runner from 2nd tries for 3rd, SAFE, no throw by LF
|
|
Batting: LHB George Brett
|
0-0: Called Strike 0-1: Fly out, F8 (Flyball, 89S, EV 90.6 MPH)
|
|
Batting: LHB Claudell Washington
|
0-0: TRIPLE (Flyball, 9LD, EV 89.4 MPH) Dave Collins scores Willie Aikens scores
|
|
Batting: SHB Scotti Madison
|
0-0: Swinging Strike 0-1: Ball 1-1: Called Strike 1-2: Ground out 4-3 (Groundball, 34D, EV 111.3 MPH)
|
| Bottom of the 6th over - 2 runs, 3 hits, 0 errors, 1 left on base; Toronto 2 - Boston 2 |
| TOP OF THE 7TH |
|
Toronto Blue Jays batting - Pitching for Boston Red Sox : RHP Dick Ruthven
|
|
Batting: RHB Juan Monasterio
|
0-0: Foul Ball, location: 2F 0-1: SINGLE (Groundball, 6MD, EV 98.1 MPH)
|
|
Batting: LHB Manny Leal
|
0-0: Fielders Choice at 2nd, 4-6 (Groundball, 4M, EV 86.3 MPH)
|
|
Batting: SHB Harold Reynolds
|
0-0: Ball 1-0: Called Strike 1-1: Swinging Strike 1-2: Fly out, F5 (Popup, 56S, EV 65.6 MPH)
|
|
Batting: RHB Jose Gonzalez
|
0-0: SINGLE (Flyball, 89S, EV 84.4 MPH) Manny Leal to second Runner from 2nd tries for 3rd, SAFE, no throw by RF
|
|
Batting: RHB Andres Galarraga
|
0-0: Ball Wild Pitch! Manny Leal scores Jose Gonzalez to second 1-0: Ball 2-0: Called Strike 2-1: Fly out, F8 (Flyball, 8RD, EV 75.6 MPH)
|
| Top of the 7th over - 1 run, 2 hits, 0 errors, 1 left on base; Toronto 3 - Boston 2 |
| BOTTOM OF THE 7TH |
|
Boston Red Sox batting - Pitching for Toronto Blue Jays : RHP Storm Davis
|
|
Batting: LHB Daryl Sconiers
|
0-0: Fly out, F9 (Flyball, 89XD, EV 108.1 MPH)
|
|
Batting: RHB Kevin Klettke
|
0-0: Ground out 6-3 (Groundball, 6S, EV 92.5 MPH)
|
|
Batting: RHB Josh Grimes
|
0-0: Fly out, F5 (Line Drive, 5, EV 63.8 MPH)
|
| Bottom of the 7th over - 0 runs, 0 hits, 0 errors, 0 left on base; Toronto 3 - Boston 2 |
| TOP OF THE 8TH |
|
Toronto Blue Jays batting - Pitching for Boston Red Sox : RHP Dick Ruthven
|
|
Batting: RHB Hubie Brooks
|
0-0: Fly out, F6 (Popup, 4M, EV 55.0 MPH)
|
|
Batting: LHB Milt Thompson
|
0-0: Called Strike 0-1: Swinging Strike 0-2: SINGLE (Line Drive, 5L, EV 101.3 MPH)
|
|
Batting: RHB Cal Ripken
|
0-0: Called Strike 0-1: Fly out, F3 (Line Drive, 3, EV 69.4 MPH)
|
|
Batting: RHB Fritzie Connally
|
0-0: Called Strike 0-1: Swinging Strike 0-2: Ball 1-2: Ball 2-2: Fly out, F8 (Flyball, 8RM, EV 91.3 MPH)
|
| Top of the 8th over - 0 runs, 1 hit, 0 errors, 1 left on base; Toronto 3 - Boston 2 |
| BOTTOM OF THE 8TH |
|
Boston Red Sox batting - Pitching for Toronto Blue Jays : RHP Storm Davis
|
|
Batting: SHB Nelson Norman
|
0-0: Ball 1-0: Ball 2-0: Called Strike 2-1: Ground out 6-3 (Groundball, 56, EV 88.1 MPH)
|
|
Batting: SHB Dave Collins
|
0-0: Called Strike 0-1: Ball 1-1: Ball 2-1: Swinging Strike 2-2: Ball 3-2: Base on Balls
|
|
Batting: LHB Willie Aikens
|
0-0: Foul Ball, location: 2F 0-1: Ball 1-1: Ball 2-1: Grounds into double play, 4-6-3 (Groundball, 4, EV 93.1 MPH)
|
| Bottom of the 8th over - 0 runs, 0 hits, 0 errors, 0 left on base; Toronto 3 - Boston 2 |
| TOP OF THE 9TH |
|
Toronto Blue Jays batting - Pitching for Boston Red Sox : RHP Dick Ruthven
|
|
Pitching: LHP Kenneth Kollmyer
|
|
|
Batting: RHB Juan Monasterio
|
0-0: Called Strike 0-1: Foul Ball, location: 2F 0-2: Ball 1-2: Fly out, F3 (Popup, 3F, EV 63.8 MPH)
|
|
Batting: LHB Manny Leal
|
0-0: Swinging Strike 0-1: Fly out, F5 (Popup, 56, EV 75.6 MPH)
|
|
Batting: SHB Harold Reynolds
|
0-0: Foul Ball, location: 2F 0-1: Swinging Strike 0-2: SINGLE (Groundball, 56D, EV 106.9 MPH)
|
|
Batting: RHB Jose Gonzalez
|
0-0: Swinging Strike 0-1: Swinging Strike 0-2: Ball 1-2: Foul Ball, location: 2F 1-2: Foul Ball, location: 2F 1-2: Fly out, F2 (Popup, 25F, EV 85.0 MPH)
|
| Top of the 9th over - 0 runs, 1 hit, 0 errors, 1 left on base; Toronto 3 - Boston 2 |
| BOTTOM OF THE 9TH |
|
Boston Red Sox batting - Pitching for Toronto Blue Jays : RHP Storm Davis
|
|
Now at 2B: Jose Carrillo
|
|
|
Batting: LHB George Brett
|
0-0: Swinging Strike 0-1: Ground out 4-3 (Groundball, 4, EV 89.4 MPH)
|
|
Batting: LHB Claudell Washington
|
0-0: Foul Ball, location: 2F 0-1: Fly out, F8 (Flyball, 8RM, EV 86.9 MPH)
|
|
Pinch Hitting: RHB Jeff Burroughs
|
0-0: Swinging Strike 0-1: Foul Ball, location: 2F 0-2: Ball 1-2: Strikes out swinging
|
| Bottom of the 9th over - 0 runs, 0 hits, 0 errors, 0 left on base; Toronto 3 - Boston 2 |
|